 Dungeon Crawl Stone Soup version 0.29.1-15-g9cfb28693d (webtiles) character file.

Game seed: 17366228078682493346

0 croobank the Sneak (level 1, -1/16 HPs)
             Began as an Octopode Delver on Mar 12, 2023.
             Succumbed to an adder's poison
             ... on level 5 of the Dungeon.
             The game lasted 00:00:17 (26 turns).

croobank the Sneak (Octopode Delver)                  Turns: 26, Time: 00:00:17

Health: -1/16      AC:  1    Str: 11    XL:     1   Next: 0%
Magic:  1/1        EV: 13    Int: 12    God:
Gold:   22         SH:  0    Dex: 13    Spells: 0/0 levels left

rFire   . . .      SeeInvis .   a - +0 hand axe
rCold   . . .      Faith    .   (no shield)
rNeg    . . .      Spirit   .   (helmet restricted)
rPois   .          Reflect  .   (no amulet)
rElec   .          Harm     .   (no ring)
rCorr   .          Rampage  .   (no ring)
Will    .....                   (no ring)
Stlth   ++++......              (no ring)
HPRegen 0.05/turn               (no ring)
MPRegen 0.07/turn               (no ring)
                                (no ring)
                                (no ring)

@: lethally poisoned (-1 -> -6)
A: almost no armour, amphibious, 8 rings, camouflage 1, gelatinous body 1,
(nimble swimmer 1), tentacles
a: no special abilities


You were on level 5 of the Dungeon.
You visited 1 branch of the dungeon, and saw 2 of its levels.

You collected 22 gold pieces.

Inventory:

Hand Weapons
 a - a +0 hand axe (weapon)
Wands
 f - a wand of digging (3)
Scrolls
 b - a scroll of fog
 c - a scroll of magic mapping
 d - a scroll of fear
 g - a scroll of acquirement {unknown}
Potions
 e - a potion of haste


   Skills:
 + Level 3.0 Fighting
 + Level 2.0 Axes
 + Level 2.0 Dodging
 + Level 6.6 Stealth


You couldn't memorise any spells.
You didn't know any spells.
Your spell library was empty.

Dungeon Overview and Level Annotations

Branches:
Dungeon (6/15)
 Temple: D:4-7

Altars:

Shops:
D:5 :


Innate Abilities, Weirdness & Mutations

You cannot wear most types of armour.
You are amphibious.
You can wear up to eight rings at the same time.
Your skin changes colour to match your surroundings (Stealth+).
Your rubbery body absorbs attacks. (AC +1, EV +1)
((You are camouflaged when in or above water. (Stealth+)))
You have tentacles for arms and can constrict up to eight enemies at once.


Message History

You climb downwards.
Found a scroll labelled HOECKIE NEXT.
There is a stone staircase leading up here.
g - a scroll labelled HOECKIE NEXT
There is a stone staircase leading up here.
A steam dragon comes into view.
There is a stone staircase leading up here.
You climb upwards.
There is a stone staircase leading down here.
Found an escape hatch in the ceiling.
Found 60 gold pieces and a fizzy dark potion.
Found Abugijef's Book Emporium.
An adder comes into view.
You see here 20 gold pieces.
You see here 10 gold pieces.
You now have 10 gold pieces.
The adder hisses angrily.
You see here 12 gold pieces.
You now have 22 gold pieces (gained 12).
You see here 5 gold pieces.
You hit the adder but do no damage. Your grab misses the adder.
The adder misses you. The adder bites you.
You hit the adder. Your grab misses the adder. Your squeeze misses the adder.
The adder is lightly wounded.
The adder bites you.
You hit the adder. Your grab misses the adder.
The adder is moderately wounded.
The adder bites you but does no damage. The adder bites you.
You hit the adder. You grab the adder.
The adder is heavily wounded.
You constrict the adder. The adder bites you.
* * * LOW HITPOINT WARNING * * *
You are lethally poisoned!
The adder poisons you! The adder bites you.
* * * LOW HITPOINT WARNING * * *
You hit the adder.
The adder is almost dead.
You constrict the adder.
You kill the adder!
You die...

..# #.##
#.##......#
#.#.......#
#.#........
#.#........ ..#.
#.#.......# ....#
#$$!..<...# ....
#@∩$....... #..#
#..$.$..... #...##
#..........
#.#..###..######..
#........####
####..........#
#>.........#
#..........#
#..........#


There were no monsters in sight!

Vanquished Creatures
  An adder (D:5)
1 creature vanquished.

Notes
Turn   | Place    | Note
-------+----------+-------------------------------------------
     0 | D:5      | croobank the Octopode Delver began the quest for the Orb.
     0 | D:5      | Reached XP level 1. HP: 16/16 MP: 1/1
     7 | D:6      | Noticed a steam dragon
    13 | D:5      | Found Abugijef's Book Emporium.
    26 | D:5      | Succumbed to an adder's poison

Illustrated notes

Levels and vault maps discovered:
D:5:      layout_basic, grunt_temple_overflow_bloody_war,
          minmay_temple_entry_statues_fountains, serial_glass, glass_columns_a,
          glass_columns_c, minmay_strange_pillars, serial_shops, shop_coins,
          biasface_ghost_orc_armoury, chequers_serial_rivers_micro_d,
          uniq_edmund, uniq_duvessa
D:6:      minmay_diamond_boxcup, layout_loops_ring, uniq_prince_ribbit1

Action                   || total
-------------------------++-------
Melee: Hand axe          ||     5
       Constrict         ||     1
Armor: Skin              ||     1
Dodge: Dodged            ||     1
